 Dungeon Crawl Stone Soup version 0.23.2-1-ga50397a6bc (webtiles) character file.

Game seed: 10314796342804505254

2051 Peloso the Slasher (level 9, 0/79 HPs)
             Began as a Minotaur Fighter on Apr 20, 2019.
             Was a Priest of Okawaru.
             Succumbed to a killer bee's poison
             ... on level 7 of the Dungeon.
             The game lasted 00:10:05 (5158 turns).

Peloso the Slasher (Minotaur Fighter)               Turns: 5158, Time: 00:10:06

Health: 0/79       AC: 10    Str: 22    XL:     9   Next: 4%
Magic:  5/8        EV: 14    Int:  3    God:    Okawaru [***...]
Gold:   530        SH: 11    Dex: 17    Spells: 8/8 levels left

rFire    . . .     SeeInvis .   a - +0 long sword
rCold    . . .     Gourm    .   c - +0 shield
rNeg     . . .     Faith    .   t - +0 chain mail
rPois    .         Spirit   +   (helmet unavailable)
rElec    .         Reflect  .   (no cloak)
rCorr    .         Harm     .   (no gloves)
MR       .....                  (no boots)
Stlth    ..........             g - amulet of guardian spirit
HPRegen  0.23/turn              (no ring)
MPRegen  0.11/turn              (no ring)

@: agile, lethally poisoned (0 -> -5)
A: retaliatory headbutt, horns 3, dopey 1, subdued magic 1, sturdy frame 1
a: Heroism, Renounce Religion


You were on level 7 of the Dungeon.
You worshipped Okawaru.
Okawaru was most pleased with you.
You were not hungry.

You visited 2 branches of the dungeon, and saw 8 of its levels.

You collected 530 gold pieces.

Inventory:

Hand Weapons
 a - a +0 long sword (weapon)
Armour
 b - a +0 scale mail
 c - a +0 shield (worn)
 t - a +0 chain mail (worn)
Jewellery
 g - an amulet of guardian spirit (around neck)
Scrolls
 e - 11 scrolls of identify {unknown}
 i - 4 scrolls of enchant armour {unknown}
 j - a scroll of fear {unknown}
 l - 5 scrolls of teleportation {unknown}
 m - 2 scrolls of immolation {unknown}
 o - 3 scrolls of remove curse {unknown}
 p - 4 scrolls of enchant weapon {unknown}
 q - 2 scrolls of amnesia {unknown}
 r - 2 scrolls of fog {unknown}
 u - a scroll of magic mapping {unknown}
 w - a scroll of acquirement {unknown}
 x - a scroll of holy word {unknown}
Potions
 d - a potion of might
 k - 3 potions of haste
 n - a potion of magic
 v - a potion of agility
Comestibles
 f - 9 rations


   Skills:
 + Level 7.1 Fighting
 + Level 7.9 Long Blades
 + Level 7.4 Armour
 + Level 3.5 Dodging
 + Level 0.3 Stealth
 + Level 7.6 Shields
 + Level 0.9 Invocations


You had 8 spell levels left.
You didn't know any spells.
Your spell library was empty.

Dungeon Overview and Level Annotations

Branches:
Dungeon (7/15)             Temple (1/1) D:4

Altars:
Ashenzari
Okawaru
Wu Jian
Yredelemnul
Zin

Shops:
D:6 [


Innate Abilities, Weirdness & Mutations

You reflexively headbutt those who attack you in melee.
You have a pair of large horns on your head.
You are dopey. (Int -2)
Your spells are a little easier to cast, but a little less powerful.
Your movements are slightly less encumbered by armour. (ER -2)


Message History

Your experience leads to an increase in your attributes!
Your base attributes are Str 22, Int 5, Dex 11.
Increase (S)trength, (I)ntelligence, or (D)exterity?
You feel agile. You block the bullfrog's attack.
* * * LOW HITPOINT WARNING * * *
You feel sick. The bullfrog barely misses you. You furiously retaliate!
You headbutt the bullfrog.
* * * LOW HITPOINT WARNING * * *
You feel sick. You block the bullfrog's attack.
The bullfrog closely misses you.
You riposte.
You hit the bullfrog. Your headbutt misses the bullfrog.
The bullfrog is moderately wounded.
* * * LOW HITPOINT WARNING * * *
You feel sick. The bullfrog closely misses you. You furiously retaliate!
You headbutt the bullfrog!!
You kill the bullfrog!
Okawaru accepts your kill.
Your Fighting skill increases to level 7!
You die...

#.# # #.# #.#
##.##.#########.#
..#............#
.....#######.## .....
#.# ... #.###### #y#
#......# #@# ######.#
#.# #.# ##'## #.#
##...## #.# ##.....##
### #.# ####.......##
##.###.#
..#.........####...##.#
..'.........'.......#.#
#.#.........####...##.##


You could see a killer bee.

Vanquished Creatures
  Prince Ribbit (D:5)
  A hungry ghost (D:4)
  2 orc warriors (D:7)
  A sky beast (D:5)
  2 centaurs (D:7)
  A big kobold (D:7)
  2 bullfrogs (D:7)
  Blork the orc (D:4)
  2 killer bees (D:7)
  5 wights (D:7)
  A howler monkey (D:5)
  3 crimson imps
  A quasit (D:5)
  2 orc priests
  4 orc wizards (D:7)
  3 iguanas
  3 worker ants
  A howler monkey skeleton (D:7)
  10 adders
  2 shadow imps (D:5)
  2 oozes
  2 worms
  7 leopard geckos
  23 orcs
  3 bats
  5 giant cockroaches
  7 goblins
  2 hobgoblins
  8 jackals
  4 quokkas
  2 ball pythons
  5 frilled lizards
  7 kobolds
  A leopard gecko skeleton (D:4)
  6 rats
132 creatures vanquished.

Vanquished Creatures (others)
  An orc wizard (D:7)
1 creature vanquished.

Grand Total: 133 creatures vanquished

Notes
Turn   | Place    | Note
-------+----------+-------------------------------------------
     0 | D:1      | Peloso the Minotaur Fighter began the quest for the Orb.
     0 | D:1      | Reached XP level 1. HP: 19/19 MP: 0/0
   281 | D:1      | Reached XP level 2. HP: 27/27 MP: 1/1
   773 | D:2      | Reached XP level 3. HP: 33/33 MP: 2/2
  1335 | D:3      | Reached XP level 4. HP: 25/40 MP: 3/3
  1408 | D:3      | Reached skill level 1 in Dodging
  1724 | D:3      | Reached XP level 5. HP: 47/47 MP: 4/4
  1805 | D:4      | Found a staircase to the Ecumenical Temple.
  1831 | Temple   | Entered the Ecumenical Temple
  1837 | Temple   | Became a worshipper of Warmaster Okawaru
  1972 | D:4      | Noticed Blork the orc
  1983 | D:4      | Killed Blork the orc
  2251 | D:4      | Reached skill level 5 in Armour
  2251 | D:4      | Reached XP level 6. HP: 43/53 MP: 3/5
  2336 | D:4      | Noticed a hungry ghost
  2362 | D:4      | Killed a hungry ghost
  2362 | D:4      | Reached * piety under Okawaru
  2362 | D:4      | Reached skill level 5 in Long Blades
  2552 | D:5      | Entered Level 5 of the Dungeon
  2673 | D:5      | Noticed a sky beast
  2689 | D:5      | Killed a sky beast
  2689 | D:5      | Reached skill level 5 in Shields
  2689 | D:5      | Reached XP level 7. HP: 17/60 MP: 0/6
  2955 | D:5      | Reached skill level 5 in Fighting
  3892 | D:6      | Noticed Prince Ribbit
  3948 | D:5      | Killed Prince Ribbit
  4199 | D:6      | Found a shattered altar of Ashenzari.
  4269 | D:6      | Found Qoedd's Armour Shoppe.
  4609 | D:7      | Reached XP level 8. HP: 67/70 MP: 4/7
  4623 | D:7      | Reached ** piety under Okawaru
  5087 | D:7      | HP: 2/71 [something/magic dart (5)]
  5090 | D:7      | Gained mutation: You are dopey. (Int -2) [potion of
                  | mutation]
  5090 | D:7      | Gained mutation: Your spells are a little easier to cast,
                  | but a little less powerful. [potion of mutation]
  5090 | D:7      | Gained mutation: You have a pair of large horns on your
                  | head. [potion of mutation]
  5090 | D:7      | Gained mutation: Your movements are slightly less
                  | encumbered by armour. (ER -2) [potion of mutation]
  5105 | D:7      | Reached *** piety under Okawaru
  5154 | D:7      | HP: 3/71 [poisoned by a killer bee]
  5154 | D:7      | Reached XP level 9. HP: 3/78 MP: 4/8
  5157 | D:7      | HP: 1/78 [poisoned by a killer bee]
  5158 | D:7      | Succumbed to a killer bee's poison

Skill      XL: |  1  2  3  4  5  6  7  8  9 |
---------------+----------------------------+-----
Fighting       | 4 6 7 |  7.1
Armour         | 4 5 6 7 |  7.4
Long Blades    | 3 4 5 6 7 |  7.9
Shields        | 4 5 6 7 |  7.6
Dodging        | 1 2 3 |  3.5
Stealth        | |  0.3
Invocations    | |  0.9

Action                   |  1- 3 |  4- 6 |  7- 9 || total
-------------------------+-------+-------+-------++-------
Melee: Long sword        |   104 |   112 |   242 ||   458
       Headbutt          |    14 |    20 |    52 ||    86
Invok: Heroism           |       |       |     4 ||     4
  Use: Potion            |       |       |     4 ||     4
  Eat: Chunk             |     1 |     3 |     8 ||    12
       Ration            |       |     2 |       ||     2
Armor: Scale mail        |    64 |    42 |    12 ||   118
       Chain mail        |       |       |   100 ||   100
Dodge: Dodged            |    36 |    32 |    92 ||   160
Block: Shield            |    58 |    39 |   168 ||   265
       Rpst.: Long sword |    13 |     9 |    20 ||    42
